Map: Sentinel CE

Players

Wlodziu - Winner!

  • Race: Zerg Zerg
  • Spawn Location: 5:00

Iceberg - Winner!

  • Race: Protoss Protoss
  • Spawn Location: 6:00

Leon - Winner!

  • Race: Zerg Zerg
  • League: Gold
  • Spawn Location: 5:00

BuffaloBill

  • Race: Zerg Zerg
  • Spawn Location: 9:00

Omega

  • Race: Zerg Zerg
  • Spawn Location: 9:00

Jeff

  • Race: Protoss Protoss
  • Spawn Location: 12:00

VOD

Have the link to the VOD?

Description

Time

  • Played on: March 22, 2026, 5:53 a.m.
  • Length: 10:54
Show
View Real Time Build Order
Export as new Build Order

Wlodziu Zerg - Winner!

Build Orders: Hatch First, Roach Hydra 

Get SALT Encoding   

  12  0:01  Drone  
  14  0:14  Drone  
  14  0:17  Extractor, Drone  
  15  0:22  Overlord  
  15  0:40  Drone x2  
  17  1:00  Drone  
  17  1:02  Extractor  
  17  1:07  Hatchery  
  16  1:17  Spawning Pool  
  16  1:18  Drone x2  
  17  1:22  Drone  
  18  1:40  Drone  
  18  1:42  Overlord  
  19  2:06  Zergling x4  
  19  2:07  Queen  
  23  2:13  Zergling x2  
  24  2:18  Queen  
  26  2:23  Drone x2  
  26  2:26  Metabolic Boost  
  27  2:53  Drone  
  27  2:54  Drone x4  
  31  3:05  Zergling x2  
  31  3:12  Drone x2  
  33  3:20  Overlord x2  
  33  3:29  Drone x2  
  35  3:37  Extractor  
  35  3:40  Drone x4  
  35  3:41  Drone x2, Extractor  
  39  3:54  Zergling x8  
  39  3:55  Zergling x2  
  44  4:13  Zergling x6  
  44  4:14  Zergling x2  
  47  4:32  Lair  
  47  4:33  Roach Warren  
  46  4:40  Hatchery  
  46  4:42  Evolution Chamber  
  46  4:43  Evolution Chamber  
  42  4:56  Drone  
  42  4:57  Drone x6  
  48  5:10  Zerg Missile Weapons Level 1  
  48  5:11  Zerg Ground Armor Level 1  
  48  5:16  Drone x3  
  48  5:17  Drone  
  48  5:19  Overlord  
  48  5:20  Overlord  
  52  5:29  Extractor  
  51  5:41  Hydralisk Den, Pneumatized Carapace  
  50  5:46  Overseer  
  50  5:54  Queen  
  52  5:57  Roach  
  52  5:58  Roach x9  
  71  6:31  Drone x4  
  73  6:38  Muscular Augments  
  73  6:39  Overlord x4  
  73  6:50  Extractor  
  72  6:58  Overlord  
  72  6:59  Drone x4  
  72  7:00  Drone x7  
  83  7:09  Zerg Missile Weapons Level 2, Zerg Ground Armor Level 2  
  83  7:12  Overlord x4  
  82  7:39  Hydralisk x8  
  82  7:40  Hydralisk x3  
  82  7:42  Grooved Spines  
  104  7:46  Glial Reconstitution  
  102  7:59  Extractor  
  102  8:00  Spore Crawler  
  102  8:03  Spine Crawler  
  102  8:04  Spine Crawler  
  85  8:14  Roach  
  85  8:15  Roach, Hydralisk x3  
  85  8:16  Hydralisk x4  
  93  8:29  Drone  
  93  8:30  Drone x8  
  102  8:50  Hydralisk x5  
  102  8:51  Hydralisk  
  102  8:55  Overseer  
  106  9:11  Hydralisk  
  106  9:12  Hydralisk x7  
  122  9:22  Infestation Pit  
  121  9:48  Hatchery  
  120  10:00  Hydralisk x5  
  120  10:01  Hydralisk x8  
Show
View Real Time Build Order
Export as new Build Order

Iceberg Protoss - Winner!

Build Orders: Nexus First 

Get SALT Encoding   

  12  0:00  Probe  
  13  0:12  Probe  
  14  0:19  Pylon  
  14  0:25  Probe  
  15  0:33  Probe  
  15  0:41  Probe  
  17  0:51  Probe  
  18  1:05  Nexus  
  18  1:12  Probe  
  19  1:24  Probe  
  20  1:36  Probe  
  21  1:42  Nexus  
  21  1:47  Assimilator  
  21  1:51  Assimilator  
  21  1:54  Probe  
  22  2:02  Gateway  
  22  2:06  Probe  
  23  2:18  Probe x2  
  25  2:26  Probe  
  25  2:30  Assimilator, Probe  
  25  2:35  Assimilator  
  25  2:36  Probe  
  27  2:42  Probe  
  29  2:53  Cybernetics Core  
  29  2:58  Probe  
  29  2:59  Pylon  
  29  3:01  Probe  
  29  3:02  Probe  
  32  3:06  Probe  
  33  3:13  Probe  
  33  3:14  Probe  
  33  3:16  Probe  
  36  3:25  Probe  
  36  3:26  Probe  
  38  3:28  Probe  
  38  3:32  Stargate  
  38  3:34  Stargate  
  39  3:38  Probe  
  39  3:39  Probe  
  39  3:40  Probe  
  42  3:44  Pylon  
  42  3:49  Pylon  
  42  3:50  Probe  
  43  3:56  Probe  
  43  3:58  Probe, Assimilator  
  43  4:02  Assimilator  
  45  4:04  Probe  
  45  4:06  Probe  
  46  4:10  Probe  
  46  4:13  Probe  
  46  4:14  Probe  
  49  4:23  Void Ray  
  54  4:30  Void Ray  
  58  4:34  Fleet Beacon  
  58  4:37  Probe  
  60  4:38  Probe  
  60  4:39  Probe  
  61  4:51  Probe x2  
  61  4:52  Probe  
  64  5:02  Stargate  
  64  5:03  Stargate  
  64  5:04  Pylon  
  64  5:05  Probe  
  64  5:06  Void Ray, Probe  
  70  5:08  Probe  
  70  5:10  Flux Vanes  
  75  5:22  Void Ray  
  75  5:28  Probe x3  
  78  5:40  Probe x3  
  84  5:51  Void Ray  
  84  5:56  Pylon, Probe  
  85  5:57  Pylon  
  85  5:58  Pylon  
  85  6:02  Pylon  
  85  6:07  Pylon  
  85  6:14  Probe x3  
  85  6:15  Nexus  
  92  6:18  Pylon  
  92  6:20  Void Ray, Assimilator  
  92  6:25  Assimilator  
  96  6:27  Void Ray  
  96  6:30  Probe  
  100  6:33  Void Ray  
  100  6:38  Probe  
  102  6:48  Probe  
  102  6:53  Void Ray  
  107  6:59  Protoss Air Weapons Level 1  
  107  7:01  Cybernetics Core  
  107  7:02  Forge  
  115  7:10  Twilight Council  
  115  7:11  Void Ray  
  115  7:12  Probe, Void Ray, Pylon  
  115  7:14  Pylon  
  115  7:15  Probe x2, Pylon  
  118  7:29  Void Ray  
  122  7:36  Void Ray  
  126  7:37  Protoss Shields Level 1  
  126  7:51  Protoss Air Armor Level 1  
  134  8:09  Void Ray x2  
  134  8:33  Void Ray x2  
  142  9:05  Void Ray x2  
  142  9:16  Void Ray  
  146  9:23  Stargate  
  142  9:25  Stargate  
  142  9:26  Stargate  
  142  9:54  Probe x2  
  142  9:55  Probe, Void Ray x2  
  141  10:06  Probe x2  
Show
View Real Time Build Order
Export as new Build Order

Leon Zerg - Winner!

Build Orders: Pool First 

Get SALT Encoding   

  12  0:01  Drone  
  13  0:16  Overlord  
  13  0:22  Drone  
  14  0:34  Drone x2  
  16  0:38  Drone  
  17  0:47  Spawning Pool  
  16  0:59  Drone  
  16  1:02  Extractor, Drone  
  17  1:23  Hatchery  
  16  1:29  Drone x2  
  18  1:33  Drone  
  19  1:43  Zergling x2  
  19  1:44  Queen  
  22  1:53  Overlord  
  22  2:11  Metabolic Boost  
  22  2:19  Zergling x4  
  24  2:28  Zergling x2  
  25  2:35  Queen  
  27  2:40  Zergling x2  
  27  2:41  Zergling x2  
  29  2:54  Zergling x6  
  29  2:55  Zergling x4  
  34  3:05  Overlord  
  34  3:13  Zergling x4  
  34  3:17  Overlord  
  36  3:26  Zergling x8  
  40  3:33  Overlord  
  40  3:35  Zergling x2  
  41  3:50  Zergling x2  
  41  3:51  Zergling x10  
  47  4:09  Zergling x2  
  48  4:10  Zergling x6  
  44  4:28  Zergling x2  
  44  4:29  Zergling x6  
  35  4:44  Drone x3  
  34  5:04  Zergling x2  
  34  5:05  Zergling x4  
  37  5:12  Drone x2  
  37  5:14  Drone x4  
  42  5:29  Drone  
  42  5:30  Drone x3  
  40  6:03  Drone x3  
  40  6:04  Drone x5  
  44  6:11  Lair, Extractor  
  43  6:25  Queen  
  45  6:26  Overlord  
  45  6:31  Hatchery  
  44  6:32  Extractor  
  44  6:36  Extractor  
  42  6:51  Overlord  
  42  6:52  Drone x10  
  52  7:09  Drone  
  52  7:10  Drone  
  54  7:27  Hydralisk Den  
  53  7:49  Queen  
  55  7:52  Extractor  
  55  7:53  Drone x8  
  55  7:54  Drone x6, Extractor  
  67  8:00  Hydralisk  
  67  8:01  Hydralisk  
  67  8:05  Muscular Augments  
  71  8:08  Hydralisk  
  71  8:09  Hydralisk x2  
  76  8:50  Hydralisk  
  76  8:51  Hydralisk x3  
  76  8:52  Hydralisk  
  76  8:54  Overlord x3  
  79  9:00  Evolution Chamber x2  
  77  9:09  Grooved Spines  
  77  9:12  Overlord, Hydralisk  
  77  9:13  Hydralisk x13  
  105  9:33  Overseer  
  105  9:36  Queen  
  107  9:41  Hatchery  
  98  10:10  Overlord x2  
  98  10:11  Overlord  
  98  10:16  Drone  
  98  10:17  Drone x5  
  104  10:21  Overlord x4  
  104  10:24  Hydralisk x3  
Show
View Real Time Build Order
Export as new Build Order

BuffaloBill Zerg 

Build Orders: Pool First, Swarm Host 

Get SALT Encoding   

  12  0:04  Drone  
  13  0:13  Drone  
  14  0:19  Overlord  
  14  0:36  Spawning Pool  
  14  0:39  Drone  
  14  0:43  Drone  
  14  0:49  Extractor  
  14  0:52  Drone  
  14  0:54  Drone  
  16  1:08  Extractor  
  16  1:11  Drone  
  16  1:19  Overlord  
  16  1:25  Zergling x2  
  17  1:31  Queen  
  19  1:36  Zergling x2  
  20  1:50  Zergling x2  
  21  1:56  Zergling x2  
  22  2:15  Hatchery  
  21  2:26  Drone x2  
  21  2:29  Drone  
  24  2:33  Lair  
  24  2:44  Spore Crawler  
  21  2:57  Drone x4, Spine Crawler  
  22  3:14  Spine Crawler  
  21  3:26  Overlord  
  21  3:39  Infestation Pit  
  20  3:45  Drone x2  
  22  3:49  Queen  
  24  3:57  Zergling x6  
  27  4:15  Drone x3  
  29  4:33  Drone  
  30  4:39  Zergling x4  
  30  4:40  Zergling x8  
  36  4:46  Drone x3  
  39  5:13  Drone x2  
  39  5:14  Drone  
  42  5:17  Extractor  
  41  5:21  Extractor  
  40  5:35  Spine Crawler  
  40  5:40  Spine Crawler  
  38  5:44  Swarm Host x2  
  38  5:46  Overlord x2  
  44  5:52  Hydralisk Den  
  43  6:14  Swarm Host  
  43  6:15  Swarm Host  
  43  6:16  Swarm Host x2  
  43  6:17  Swarm Host  
  58  6:20  Overlord x2  
  58  6:33  Overlord  
  58  6:41  Swarm Host  
  58  6:42  Swarm Host  
  58  6:43  Swarm Host  
  58  6:45  Swarm Host  
  70  6:53  Overseer  
  70  6:58  Muscular Augments  
  70  7:49  Overlord x3  
  70  7:50  Overlord  
  45  8:11  Hydralisk x4  
  48  8:30  Overlord x2  
  48  8:47  Overlord x3  
  48  8:52  Hydralisk x2  
  51  9:15  Hydralisk x2  
  51  9:16  Hydralisk  
  40  9:57  Hydralisk  
  40  9:58  Hydralisk x2  
  27  10:25  Hydralisk x2  
Show
View Real Time Build Order
Export as new Build Order

Omega Zerg 

Build Orders: Hatch First 

Get SALT Encoding   

  12  0:01  Drone  
  13  0:08  Drone  
  14  0:16  Overlord  
  14  0:42  Hatchery  
  13  0:46  Drone  
  13  0:47  Drone  
  15  0:54  Drone  
  16  1:10  Evolution Chamber  
  15  1:14  Spawning Pool  
  15  1:18  Drone, Extractor  
  15  1:19  Drone  
  16  1:28  Drone  
  17  1:34  Drone  
  18  1:41  Drone  
  19  1:56  Drone  
  19  1:57  Drone  
  21  2:02  Queen x2  
  21  2:08  Drone x2  
  27  2:14  Overlord  
  27  2:27  Drone  
  28  2:31  Overlord  
  28  2:59  Zergling x12  
  34  3:07  Roach Warren  
  34  3:11  Zergling x2  
  34  3:14  Zergling x2  
  34  3:15  Zergling x10  
  40  3:29  Drone  
  40  3:32  Drone  
  42  3:35  Lair  
  42  3:56  Drone  
  42  3:57  Drone  
  42  4:02  Overlord x2  
  44  4:03  Overlord x3  
  43  4:21  Metabolic Boost  
  39  4:40  Roach x9  
  57  4:48  Queen  
  59  5:01  Drone x2  
  59  5:05  Extractor  
  60  5:25  Extractor, Drone  
  60  5:26  Drone x3  
  60  5:27  Extractor  
  60  5:58  Glial Reconstitution  
  60  6:20  Drone x6  
  60  6:21  Drone x6  
  72  6:33  Evolution Chamber  
  72  6:34  Evolution Chamber  
  70  6:46  Drone x3  
  73  6:47  Drone  
  73  6:48  Drone x2  
  73  6:49  Drone  
  73  6:52  Roach  
  73  6:53  Roach x2  
  83  7:00  Zerg Missile Weapons Level 1, Zerg Ground Armor Level 1  
  83  7:16  Overlord  
  83  7:17  Overlord x8  
  83  7:20  Queen, Hatchery  
  84  7:48  Roach x12  
  85  8:25  Hydralisk Den, Roach  
  85  8:26  Roach x5  
  96  8:29  Roach  
  96  8:30  Roach x5  
  81  9:01  Grooved Spines  
  81  9:02  Hydralisk x8  
  87  9:15  Queen  
  89  9:20  Hydralisk  
  89  9:21  Hydralisk x2  
Show
View Real Time Build Order
Export as new Build Order

Jeff Protoss 

Build Orders:  

Get SALT Encoding   

  12  0:03  Probe  
  13  0:14  Pylon  
  13  0:19  Probe  
  14  0:34  Gateway  
  14  0:36  Probe  
  15  0:43  Assimilator  
  15  0:48  Probe  
  16  0:56  Pylon  
  16  0:57  Probe  
  17  1:06  Probe  
  17  1:08  Assimilator  
  18  1:14  Probe  
  19  1:25  Cybernetics Core  
  19  1:43  Probe  
  19  1:44  Pylon  
  19  1:47  Pylon  
  20  1:51  Probe  
  20  1:57  Pylon  
  21  2:11  Probe, Forge  
  22  2:26  Probe  
  23  2:36  Stargate x2  
  24  2:51  Photon Cannon  
  23  3:03  Photon Cannon  
  23  3:11  Photon Cannon  
  23  3:20  Shield Battery  
  23  3:29  Shield Battery  
  10  4:03  Probe  
  6  4:12  Probe  
  3  4:20  Probe  
  3  4:30  Probe  
  5  4:42  Probe  
  6  4:57  Protoss Air Weapons Level 1  
  6  5:08  Probe  
  7  5:28  Probe  
  8  5:40  Probe  
  9  5:52  Pylon  
  9  5:59  Pylon  
  9  6:05  Probe  
  10  6:13  Probe  
  11  6:21  Probe  
  12  6:29  Probe  
  13  6:41  Probe  
  14  6:53  Probe  
  15  6:54  Phoenix  
  15  7:01  Probe  
  18  7:09  Probe  
  19  7:19  Probe  
  20  7:28  Protoss Air Armor Level 1  
  20  7:31  Probe  
  21  7:39  Phoenix  
  21  7:41  Phoenix  
  25  7:56  Phoenix  
  27  8:06  Phoenix  
  29  8:40  Phoenix  
  29  8:42  Phoenix  
  33  8:57  Phoenix  
  31  9:12  Phoenix  
  33  9:40  Phoenix  
  27  9:47  Phoenix  
  31  10:03  Phoenix  
Tags
 
Add a new tag
Caveats
  • Supply blocks, unpowered buildings, or Contaminate may cause inaccurate times.
  • Supply counts are checked every 10 seconds.